Map: Acid Plant LE

Players

Geralt (Gerald) - Winner!

  • Race: Protoss Protoss
  • League: Grandmaster
  • Spawn Location: 11:00

Guru

  • Race: Zerg Zerg
  • League: Master
  • Spawn Location: 5:00

VOD

Have the link to the VOD?

Description

Time

  • Played on: Aug. 25, 2018, 5:32 p.m.
  • Length: 13:15
Show
View Real Time Build Order
Export as new Build Order

Geralt Protoss - Winner!

Build Orders: 1 Gate Expand, Oracle Opening, Phoenix Opening 

Get SALT Encoding   

  12  0:01  Probe  
  13  0:13  Probe  
  14  0:20  Pylon  
  14  0:25  Probe  
  14  0:27  Assimilator  
  15  0:34  Probe  
  16  0:43  Probe  
  16  0:45  Gateway  
  17  0:54  Probe  
  18  1:06  Probe  
  18  1:10  Pylon  
  19  1:18  Probe  
  20  1:31  Nexus  
  21  1:32  Probe  
  21  1:41  Cybernetics Core  
  21  1:45  Probe  
  22  1:53  Assimilator  
  22  1:55  Pylon  
  22  1:58  Probe  
  23  2:08  Adept  
  23  2:13  Probe  
  24  2:16  Pylon  
  26  2:25  Stargate  
  26  2:27  Probe  
  27  2:34  Adept  
  29  2:37  Warp Gate  
  29  2:39  Probe  
  30  2:45  Probe  
  31  2:51  Probe  
  31  2:57  Probe  
  33  2:58  Gateway  
  33  3:03  Phoenix  
  33  3:04  Probe  
  34  3:09  Probe  
  37  3:16  Probe  
  37  3:19  Oracle  
  36  3:21  Probe  
  36  3:25  Assimilator  
  36  3:26  Assimilator  
  37  3:28  Probe  
  41  3:36  Probe  
  41  3:37  Shield Battery  
  41  3:38  Pylon  
  41  3:40  Probe  
  43  3:47  Oracle  
  43  3:48  Probe  
  44  3:53  Pylon  
  44  3:55  Probe  
  45  4:00  Probe  
  49  4:07  Probe  
  50  4:12  Stargate, Pylon  
  50  4:13  Probe  
  51  4:17  Gateway  
  51  4:18  Gateway  
  51  4:23  Probe  
  52  4:25  Probe  
  52  4:28  Phoenix  
  53  4:35  Probe  
  53  4:36  Pylon  
  53  4:37  Probe  
  57  4:52  Probe, Phoenix x2  
  58  4:54  Adept x2  
  58  4:59  Probe  
  63  5:04  Probe  
  68  5:20  Pylon  
  69  5:22  Nexus  
  69  5:23  Phoenix  
  70  5:30  Pylon  
  70  5:31  Protoss Air Weapons Level 1  
  70  5:38  Probe x2, Phoenix  
  70  5:40  Pylon  
  74  5:44  Phoenix  
  74  5:47  Shield Battery  
  76  5:50  Probe x2  
  76  5:56  Robotics Facility  
  78  6:02  Probe x2, Phoenix  
  78  6:03  Phoenix  
  84  6:19  Phoenix  
  84  6:25  Probe  
  81  6:28  Phoenix  
  81  6:29  Adept x2  
  81  6:30  Adept x2  
  81  6:32  Probe  
  94  6:33  Assimilator  
  94  6:35  Probe  
  94  6:39  Assimilator  
  93  6:53  Phoenix x2  
  97  6:55  Probe  
  96  7:03  Probe x2  
  96  7:07  Probe  
  96  7:08  Pylon  
  99  7:10  Pylon  
  99  7:15  Probe x2  
  98  7:16  Robotics Bay  
  98  7:18  Adept  
  98  7:19  Probe, Robotics Facility  
  102  7:26  Observer  
  102  7:27  Probe, Forge  
  102  7:28  Probe  
  105  7:31  Probe  
  105  7:36  Gateway  
  106  7:37  Gateway  
  106  7:39  Probe, Pylon  
  106  7:40  Probe  
  108  7:50  Pylon  
  108  7:53  Colossus  
  108  7:55  Gateway  
  108  7:56  Colossus, Gateway  
  108  8:04  Extended Thermal Lance  
  114  8:07  Protoss Ground Weapons Level 1  
  114  8:08  Probe  
  114  8:10  Photon Cannon  
  114  8:11  Shield Battery  
  121  8:13  Pylon  
  121  8:20  Twilight Council  
  121  8:37  Sentry x4  
  121  8:41  Nexus  
  129  8:45  Pylon  
  129  8:47  Colossus  
  135  8:54  Probe  
  136  8:57  Colossus  
  136  8:59  Photon Cannon  
  136  9:00  Photon Cannon  
  142  9:05  Photon Cannon, Sentry x2  
  142  9:06  Shield Battery  
  142  9:07  Pylon  
  146  9:14  Stalker x2  
  146  9:15  Stalker x2  
  154  9:20  Blink  
  154  9:21  Probe x2, Assimilator  
  154  9:22  Probe  
  157  9:24  Assimilator  
  157  9:32  Photon Cannon  
  157  9:33  Shield Battery  
  157  9:40  Colossus  
  163  9:47  Sentry  
  163  9:51  Pylon  
  163  9:52  Probe  
  166  9:54  Pylon  
  166  10:01  Stalker x5  
  174  10:15  Stalker  
  174  10:17  Colossus  
  174  10:21  Probe  
  183  10:22  Probe  
  184  10:29  Gateway x2  
  184  10:32  Gateway  
  184  10:36  Probe  
  184  10:37  Adept x5  
  195  10:52  Pylon  
  195  10:54  Protoss Ground Weapons Level 2  
  195  10:55  Pylon  
  195  10:57  Pylon  
  192  11:14  Stalker x6  
  197  11:33  Stalker  
  197  11:47  Stalker  
  199  11:55  Probe  
  199  11:57  Probe  
  195  12:02  Probe  
  195  12:05  Fleet Beacon  
  190  12:10  Stargate  
  190  12:12  Stargate  
  168  12:24  Observer  
  168  12:27  Stalker x11  
  168  12:28  Disruptor  
  174  12:54  Stalker  
  174  12:55  Stalker x10  
Show
View Real Time Build Order
Export as new Build Order

Guru Zerg 

Build Orders: Pool First, Lurkers 

Get SALT Encoding   

  12  0:01  Drone  
  13  0:12  Overlord  
  13  0:17  Drone  
  14  0:31  Drone x2  
  14  0:35  Drone  
  17  0:45  Spawning Pool  
  17  0:48  Drone  
  17  1:02  Extractor, Drone  
  17  1:17  Hatchery  
  17  1:18  Drone  
  17  1:30  Drone x2  
  19  1:35  Queen  
  21  1:44  Overlord  
  21  1:58  Zergling x2  
  22  2:03  Metabolic Boost  
  22  2:09  Drone  
  22  2:13  Drone  
  24  2:19  Queen  
  26  2:30  Queen  
  28  2:40  Hatchery  
  28  2:42  Zergling x2  
  28  2:44  Drone  
  28  2:47  Zergling x2  
  28  2:49  Drone  
  31  2:54  Zergling x2  
  31  2:55  Zergling x2  
  33  2:59  Drone  
  33  3:03  Drone x2  
  36  3:11  Spore Crawler  
  35  3:17  Overlord  
  33  3:20  Drone  
  33  3:21  Drone  
  35  3:28  Drone  
  35  3:33  Overlord  
  36  3:37  Drone x4  
  36  3:39  Drone  
  41  3:44  Drone x2  
  42  3:49  Overlord  
  42  3:58  Drone x2  
  42  3:59  Drone x2  
  45  4:06  Queen  
  45  4:07  Drone x2  
  49  4:13  Spore Crawler  
  49  4:16  Spore Crawler  
  47  4:17  Drone  
  47  4:18  Drone x2  
  47  4:21  Drone x2  
  52  4:24  Drone  
  52  4:25  Drone x2  
  52  4:31  Drone x2  
  57  4:35  Baneling Nest  
  57  4:37  Overlord  
  56  4:39  Drone  
  57  4:50  Drone  
  57  4:51  Drone  
  57  4:52  Overlord  
  57  4:56  Overlord  
  57  5:00  Drone x6  
  57  5:01  Drone x2  
  57  5:02  Overlord  
  65  5:07  Overlord  
  65  5:10  Overlord, Lair  
  65  5:14  Zergling x2  
  65  5:15  Zergling x4  
  67  5:21  Drone  
  67  5:22  Queen, Extractor x2  
  67  5:27  Drone x3  
  71  5:30  Zergling x4  
  71  5:31  Zergling x8  
  71  5:33  Overlord  
  77  5:38  Evolution Chamber, Drone x2  
  77  5:42  Zergling x2  
  79  5:43  Zergling x4  
  79  5:44  Drone  
  82  5:50  Overlord  
  82  5:53  Drone x2  
  82  5:55  Baneling  
  82  5:56  Baneling x2  
  84  5:58  Queen  
  84  6:01  Extractor  
  85  6:05  Zerg Missile Weapons Level 1, Drone x2  
  85  6:06  Drone  
  85  6:10  Hydralisk Den  
  87  6:12  Zergling x16  
  94  6:23  Queen  
  94  6:27  Queen  
  94  6:29  Drone x2  
  94  6:32  Overlord  
  98  6:34  Queen  
  98  6:35  Spore Crawler, Drone x3  
  98  6:36  Extractor, Drone x3  
  98  6:49  Overlord  
  90  6:55  Hydralisk x4  
  90  7:00  Overlord x2  
  90  7:01  Overlord x3  
  98  7:05  Overlord  
  98  7:10  Overlord  
  98  7:12  Extractor  
  98  7:13  Grooved Spines  
  93  7:17  Overlord  
  93  7:18  Centrifical Hooks  
  93  7:20  Hydralisk x5  
  103  7:25  Baneling  
  103  7:26  Baneling x7  
  103  7:27  Drone  
  103  7:28  Drone  
  105  7:30  Hydralisk, Drone  
  105  7:32  Hydralisk  
  105  7:36  Drone  
  111  7:38  Spore Crawler, Drone  
  111  7:40  Hydralisk  
  111  7:41  Hydralisk  
  115  7:47  Hydralisk x2  
  119  7:51  Drone  
  119  7:53  Hydralisk, Drone  
  119  7:54  Hydralisk  
  125  8:01  Hydralisk  
  125  8:02  Hydralisk  
  129  8:09  Zerg Missile Weapons Level 2, Hatchery  
  129  8:11  Hydralisk  
  130  8:16  Hydralisk, Drone  
  130  8:19  Hydralisk  
  133  8:22  Zergling x2  
  133  8:23  Zergling x14  
  143  8:32  Hydralisk x3  
  149  8:37  Hydralisk x2  
  149  8:40  Overlord  
  153  8:47  Muscular Augments  
  151  8:53  Overlord  
  151  8:54  Hydralisk x2  
  153  8:58  Overlord  
  153  8:59  Zergling x2  
  153  9:00  Zergling x16  
  160  9:15  Spire  
  160  9:16  Lurker Den  
  155  9:17  Zergling x6  
  155  9:18  Zergling x12  
  155  9:22  Drone  
  165  9:36  Hatchery  
  165  9:38  Drone  
  165  9:42  Baneling x4  
  165  9:43  Overlord x2, Baneling x4  
  165  9:45  Zergling x10  
  166  9:46  Zergling x8  
  165  10:07  Drone  
  165  10:08  Drone x9  
  171  10:17  Drone x3  
  171  10:19  Extractor  
  171  10:21  Baneling x2  
  173  10:22  Drone x2  
  173  10:23  Drone  
  173  10:25  Zerg Ground Armor Level 1  
  176  10:28  Hydralisk  
  176  10:29  Hydralisk x3  
  176  10:33  Baneling x4  
  176  10:34  Baneling  
  184  10:36  Zerg Flyer Armor Level 1, Corruptor  
  184  10:37  Corruptor x4  
  185  10:50  Lurker  
  185  10:51  Lurker  
  185  10:52  Extractor, Drone x3  
  185  10:55  Drone  
  185  10:56  Spore Crawler  
  189  10:57  Lurker x2  
  189  11:03  Lurker  
  192  11:07  Overseer  
  192  11:15  Overlord  
  192  11:17  Overlord  
  192  11:23  Infestation Pit  
  185  11:27  Overlord  
  177  11:32  Corruptor  
  177  11:33  Corruptor x3  
  178  11:41  Hydralisk  
  178  11:42  Hydralisk x2  
  176  11:58  Lurker x4  
  177  12:02  Drone  
  177  12:10  Corruptor x4  
  154  12:25  Corruptor  
  154  12:26  Corruptor x2  
  154  12:29  Drone  
  158  12:31  Zergling x2  
  158  12:32  Zergling x32  
  158  12:33  Zergling x2  
  174  12:49  Hydralisk x4  
  154  12:53  Hatchery  
Tags
 
Add a new tag
Caveats
  • Supply blocks, unpowered buildings, or Contaminate may cause inaccurate times.
  • Supply counts are checked every 10 seconds.